[Event "1000GM BonaFIDE January 2024"]
[Site "Sunnyvale"]
[Date "2024.01.20"]
[Round "1.1"]
[White "Bheemaiah, Ayush"]
[Black "Walder, Michael"]
[Result "1-0"]
[ECO "B56"]
[WhiteElo "1639"]
[BlackElo "1826"]
[Annotator "NA RC"]
[PlyCount "73"]
[EventDate "2024.01.20"]
[EventType "swiss"]
[EventCountry "USA"]
[SourceTitle "playchess.com"]
[Source "ChessBase"]
[SourceQuality "1"]
[TimeControl "5400+30"]

1. e4 c5 2. Nf3 d6 3. d4 cxd4 4. Nxd4 Nf6 5. Nc3 Nc6 6. Be3 Ng4 7. Bb5 Nxe3 8. Nxc6 Nxd1 9. Nxd8+ Kxd8 10. Rxd1 a6 11. Bc4 e6 12. a4 Kc7 13. O-O Bd7 14. f4 Be7 15. Rfe1 Rad8 16. b3 Rhe8 17. Ne2 Bc6 18. Nd4 d5 19. Nxc6 Kxc6 20. exd5+ exd5 21. Bd3 Bc5+ 22. Kf1 Bb4 23. Re2 Rxe2 24. Bxe2 Kc5 25. Bf3 b6 26. Kf2 f5 27. Rd3 d4 28. Bb7 a5 29. Rh3 Rh8 30. Ba6 Bd2 31. Kf3 h5 32. Rg3 Rh7 33. Bd3 h4 34. Rg5 h3 35. Bxf5 Rh4 36. g3 Rh8 37. Rxg7 1-0

[Event "1000GM BonaFIDE January 2024"]
[Site "Sunnyvale"]
[Date "2024.01.20"]
[Round "1.2"]
[White "Zhou, Ivan"]
[Black "Xiao, Michael"]
[Result "1-0"]
[ECO "C10"]
[WhiteElo "1727"]
[BlackElo "1553"]
[Annotator "NA RC"]
[PlyCount "113"]
[EventDate "2024.01.20"]
[EventType "swiss"]
[EventCountry "USA"]
[SourceTitle "playchess.com"]
[Source "ChessBase"]
[SourceQuality "1"]
[TimeControl "5400+30"]

1. e4 e6 2. d4 d5 3. Nd2 dxe4 4. Nxe4 Nd7 5. Nf3 Ngf6 6. Nxf6+ Nxf6 7. Bd3 c5 8. O-O Be7 9. dxc5 Bxc5 10. Bg5 O-O 11. Qe2 Qe7 12. Ne5 Rd8 13. Ng4 Rd5 14. Nxf6+ gxf6 15. Bh6 f5 16. Rfe1 Qh4 17. Be3 Bxe3 18. fxe3 Bd7 19. e4 Re5 20. Qf2 Qxf2+ 21. Kxf2 fxe4 22. Bxe4 Rc8 23. Bxh7+ Kxh7 24. Rxe5 Rxc2+ 25. Re2 Rxe2+ 26. Kxe2 Bc6 27. g3 f5 28. Ke3 a6 29. Rd1 Bd5 30. Rxd5 exd5 31. Kd4 Kg6 32. Kxd5 Kg5 33. Ke5 Kg4 34. b4 b6 35. a4 b5 36. axb5 axb5 37. Kf6 f4 38. gxf4 Kxf4 39. h4 Kg4 40. Ke5 Kxh4 41. Kd5 Kg5 42. Kc6 Kf6 43. Kxb5 Ke7 44. Ka6 Kd7 45. b5 Kc8 46. Ka7 Kc7 47. b6+ Kc6 48. b7 Kc5 49. b8=Q Kc6 50. Qd8 Kc5 51. Qd3 Kb4 52. Kb6 Ka4 53. Qb5+ Ka3 54. Kc5 Ka2 55. Kc4 Ka1 56. Kc3 Ka2 57. Qb3+ 1-0

[Event "1000GM BonaFIDE January 2024"]
[Site "Sunnyvale"]
[Date "2024.01.21"]
[Round "2.1"]
[White "Nathan, Arjun"]
[Black "Bheemaiah, Ayush"]
[Result "1-0"]
[ECO "C88"]
[WhiteElo "1564"]
[BlackElo "1639"]
[Annotator "NA RC COMBH"]
[PlyCount "101"]
[EventDate "2024.01.20"]
[EventType "swiss"]
[EventCountry "USA"]
[SourceTitle "playchess.com"]
[Source "ChessBase"]
[SourceQuality "1"]
[TimeControl "5400+30"]

1. e4 e5 2. Nf3 Nc6 3. Bb5 a6 4. Ba4 Nf6 5. O-O b5 6. Bb3 Be7 7. Re1 O-O 8. a4 Bb7 9. d3 d6 10. Nbd2 Na5 11. Ba2 c5 12. Nf1 h6 13. Ng3 Re8 14. c3 Bf8 15. h3 Qc7 16. Nh4 c4 17. Nh5 Nxh5 18. Qxh5 g6 19. Qg4 Bc8 20. Qg3 Bg7 21. Re3 Be6 22. Rf3 bxa4 23. Nf5 gxf5 24. exf5 Bxf5 25. Rxf5 Re6 26. Qf3 Rc8 27. dxc4 e4 28. Qf4 Nxc4 29. Bxc4 Qxc4 30. Rxf7 Rc5 31. Rd7 Rf6 32. Qg4 Rf7 33. Rxf7 Kxf7 34. Be3 Rc7 35. Rd1 Qe6 36. Qf4+ Ke7 37. Bb6 Rd7 38. Re1 d5 39. Bc5+ Ke8 40. f3 Qc6 41. Ba3 Qb6+ 42. Kh1 Qf2 43. Qe3 Qh4 44. fxe4 d4 45. cxd4 Bxd4 46. Qe2 Rf7 47. Rc1 Rf2 48. Qxa6 Qf6 49. Rc8+ Kd7 50. Qb7+ Ke6 51. Qd5# 1-0

[Event "1000GM BonaFIDE January 2024"]
[Site "Sunnyvale"]
[Date "2024.01.21"]
[Round "2.3"]
[White "Xiao, Michael"]
[Black "Xavier, Negron"]
[Result "1/2-1/2"]
[ECO "A14"]
[WhiteElo "1553"]
[BlackElo "1649"]
[Annotator "NA RC COMBH"]
[PlyCount "64"]
[EventDate "2024.01.20"]
[EventType "swiss"]
[EventCountry "USA"]
[SourceTitle "playchess.com"]
[Source "ChessBase"]
[SourceQuality "1"]
[TimeControl "5400+30"]

1. c4 e6 2. g3 d5 3. Bg2 Nf6 4. Nf3 Be7 5. O-O O-O 6. b3 d4 7. e3 c5 8. exd4 cxd4 9. d3 Nc6 10. a3 a5 11. Re1 h6 12. Bb2 Bc5 13. Nbd2 Re8 14. Ne5 Nxe5 15. Rxe5 Qc7 16. Re1 e5 17. Ne4 Nxe4 18. Rxe4 Bd7 19. Qd2 Bc6 20. Ree1 Bxg2 21. Kxg2 Qb6 22. Qc2 Qc6+ 23. Kg1 Rad8 24. Rad1 b5 25. Re2 Qd6 26. Rde1 bxc4 27. Qxc4 Bxa3 28. Bxa3 Qxa3 29. Rxe5 Rxe5 30. Rxe5 Qa1+ 31. Kg2 Qc3 32. Qb5 Rc8 1/2-1/2

[Event "1000GM BonaFIDE January 2024"]
[Site "Sunnyvale"]
[Date "2024.01.21"]
[Round "2.4"]
[White "Tia, Rudy Jr."]
[Black "Rai, Achintya"]
[Result "0-1"]
[ECO "A01"]
[WhiteElo "1614"]
[BlackElo "1496"]
[Annotator "NA RC COMBH"]
[PlyCount "35"]
[EventDate "2024.01.20"]
[EventType "swiss"]
[EventCountry "USA"]
[SourceTitle "playchess.com"]
[Source "ChessBase"]
[SourceQuality "1"]
[TimeControl "5400+30"]

1. b3 Nf6 2. Bb2 g6 3. g3 Bg7 4. Bg2 O-O 5. d3 c5 6. e3 d5 7. Nd2 Nc6 8. Ne2 e5 9. h3 Qc7 10. a3 Be6 11. O-O Rad8 12. f4 c4 13. d4 exd4 14. Bxd4 Nxd4 15. Nxd4 c3 16. Nxe6 fxe6 17. Nf3 Ne4 18. Kh2 0-1

[Event "1000GM BonaFIDE January 2024"]
[Site "Sunnyvale"]
[Date "2024.01.21"]
[Round "2.5"]
[White "Wu, Andrew"]
[Black "Vale Cruz, Armin"]
[Result "0-1"]
[ECO "A17"]
[WhiteElo "1969"]
[BlackElo "1598"]
[Annotator "NA RC"]
[PlyCount "152"]
[EventDate "2024.01.20"]
[EventType "swiss"]
[EventCountry "USA"]
[SourceTitle "playchess.com"]
[Source "ChessBase"]
[SourceQuality "1"]
[TimeControl "5400+30"]

1. Nf3 Nf6 2. c4 e6 3. Nc3 d5 4. e3 a6 5. b3 c5 6. d3 Nc6 7. Bb2 $15 d4 8. Ne4 Be7 9. Nxf6+ Bxf6 10. exd4 Nxd4 11. Nxd4 Bxd4 12. Qd2 b6 13. Be2 Bb7 14. Bxd4 Qxd4 15. O-O h5 16. Qe3 Rd8 17. Qxd4 Rxd4 18. f4 Ke7 19. Rad1 h4 20. f5 e5 21. h3 Kf6 22. Rf2 Rhd8 23. Rdf1 Bc6 24. Kh2 a5 25. a4 e4 26. dxe4 Bxe4 27. Bf3 Bd3 28. Re1 Rf4 29. Rd2 Rdd4 30. Bd5 Bxf5 31. Rde2 Rd3 32. Re7 Bg6 33. Rd7 Rxb3 34. Ree7 Kg5 35. Bxf7 Bxf7 36. Rxf7 Rxf7 37. Rxf7 g6 38. Kg1 Rb4 39. Rb7 Kf4 40. Rf7+ Ke5 41. Rg7 Kf6 42. Rb7 Rb2 43. Rh7 g5 44. Rh8 Ke5 45. Rg8 Kf4 46. Rf8+ Ke4 47. Rg8 Kf5 48. Rf8+ Ke6 49. Rg8 Kf6 50. Rh8 Rb4 51. Rf8+ Kg7 52. Rb8 Rxa4 53. Rxb6 Rxc4 54. Ra6 a4 55. Kf2 Rb4 56. Kf3 Rb3+ 57. Ke4 a3 58. Kf5 c4 59. Ra7+ Kf8 60. Kxg5 c3 61. Kf6 Rb6+ 62. Kf5 c2 63. Ra8+ Ke7 64. Ra7+ Kd6 65. Rxa3 c1=Q 66. Rd3+ Ke7 67. Rf3 Rf6+ 68. Kg4 Qc4+ 69. Kg5 Qd4 70. Kh5 Rxf3 71. g4 Rxh3 72. g5 Kf7 73. g6+ Kg7 74. Kg5 Qe5+ 75. Kg4 Rg3+ 76. Kxh4 Qg5# 0-1

[Event "1000GM BonaFIDE January 2024"]
[Site "Sunnyvale"]
[Date "2024.01.21"]
[Round "3.2"]
[White "Bheemaiah, Ayush"]
[Black "Xiao, Michael"]
[Result "1/2-1/2"]
[ECO "C10"]
[WhiteElo "1639"]
[BlackElo "1553"]
[Annotator "NA RC COMBH"]
[PlyCount "59"]
[EventDate "2024.01.20"]
[EventType "swiss"]
[EventCountry "USA"]
[SourceTitle "playchess.com"]
[Source "ChessBase"]
[SourceQuality "1"]
[TimeControl "5400+30"]

1. e4 e6 2. d4 d5 3. Nd2 dxe4 4. Nxe4 Nd7 5. Nf3 Ngf6 6. Bd3 Be7 7. O-O O-O 8. b3 b6 9. Bb2 Bb7 10. Re1 Rc8 11. c4 c5 12. Bc2 cxd4 13. Nxd4 Nxe4 14. Bxe4 Bxe4 15. Rxe4 Nc5 16. Re1 Bf6 17. Re2 a6 18. Nf3 Bxb2 19. Rxb2 Qf6 20. Qd4 Qxd4 21. Nxd4 Rfd8 22. Rd2 Rc7 23. Nf3 Rxd2 24. Nxd2 Rd7 25. Nf3 f6 26. Kf1 g5 27. Ke2 Ne4 28. Rc1 g4 29. Ne1 Kf7 30. f3 1/2-1/2

[Event "1000GM BonaFIDE January 2024"]
[Site "Sunnyvale"]
[Date "2024.01.21"]
[Round "3.3"]
[White "Vale Cruz, Armin"]
[Black "Rai, Achintya"]
[Result "0-1"]
[ECO "B92"]
[WhiteElo "1598"]
[BlackElo "1496"]
[Annotator "NA RC COMBH"]
[PlyCount "126"]
[EventDate "2024.01.20"]
[EventType "swiss"]
[EventCountry "USA"]
[SourceTitle "playchess.com"]
[Source "ChessBase"]
[SourceQuality "1"]
[TimeControl "5400+30"]

1. e4 c5 2. Nf3 d6 3. d4 cxd4 4. Nxd4 Nf6 5. Nc3 a6 6. Be2 e5 7. Nb3 Be7 8. Qd3 Be6 9. Qg3 Nbd7 10. Be3 O-O 11. h4 b5 12. h5 b4 13. Bh6 Ne8 14. Nd1 Kh8 15. Bd2 a5 16. h6 g6 17. Nc1 Nc5 18. f3 f5 19. Nd3 f4 20. Qh2 Rc8 21. b3 Nf6 22. g4 fxg3 23. Qxg3 Rf7 24. N1b2 Nh5 25. Rxh5 gxh5 26. O-O-O Qg8 27. Qh2 Bg5 28. Rg1 Bxd2+ 29. Kxd2 Qf8 30. Qxh5 Nxd3 31. Nxd3 Rfc7 32. Bd1 Qf7 33. Qh2 Rg8 34. Nxe5 Qf6 35. Rxg8+ Bxg8 36. Ng4 Qd4+ 37. Kc1 a4 38. Qh4 axb3 39. axb3 Rc8 40. e5 Qf4+ 41. Kb2 dxe5 42. Qe7 Qd4+ 43. Kc1 e4 44. fxe4 Rd8 45. Qf6+ Qxf6 46. Nxf6 Rd6 47. e5 Rc6 48. Bf3 Rc5 49. Nd7 Rc7 50. Bg4 Bxb3 51. Kb2 Ba4 52. Bf5 Bxd7 53. e6 Ba4 54. Be4 Bb5 55. Bd5 Bc4 56. e7 Bb5 57. Kb3 Rxe7 58. Kxb4 Be8 59. c4 Bf7 60. Kc5 Bxd5 61. cxd5 Kg8 62. d6 Re1 63. d7 Rd1 0-1

[Event "1000GM BonaFIDE January 2024"]
[Site "Sunnyvale"]
[Date "2024.01.21"]
[Round "3.4"]
[White "Kulkarni, Advit Amod"]
[Black "Ni, Leo"]
[Result "1/2-1/2"]
[ECO "C07"]
[WhiteElo "1510"]
[BlackElo "1440"]
[Annotator "NA RC COMBH"]
[PlyCount "103"]
[EventDate "2024.01.20"]
[EventType "swiss"]
[EventCountry "USA"]
[SourceTitle "playchess.com"]
[Source "ChessBase"]
[SourceQuality "1"]
[TimeControl "5400+30"]

1. e4 e6 2. d4 d5 3. Nd2 c5 4. Ngf3 cxd4 5. Nxd4 Nc6 6. Bb5 Bd7 7. N4f3 Nf6 8. exd5 Nxd5 9. O-O Be7 10. Ne4 O-O 11. c4 Nf6 12. Nc3 Qc7 13. Be3 Rac8 14. Nd4 a6 15. Nxc6 Bxc6 16. Bxc6 Qxc6 17. b3 b5 18. Rc1 bxc4 19. Ne2 Qb5 20. Nd4 Qd5 21. Qe2 cxb3 22. Nxb3 Qb5 23. Qxb5 axb5 24. Bc5 Bxc5 25. Rxc5 Rxc5 26. Nxc5 Ra8 27. f3 Rxa2 28. Rb1 Kf8 29. Rxb5 Ra7 30. Ne4 Nxe4 31. fxe4 Ra4 32. e5 Rf4 33. g3 Rf5 34. Kg2 f6 35. Rb8+ Kf7 36. exf6 Kxf6 37. g4 Rc5 38. Kf3 Ke5 39. Rb7 Rc3+ 40. Kf2 Kf6 41. Rb6 h5 42. g5+ Kf5 43. Rb7 g6 44. h4 Rh3 45. Rb4 e5 46. Kg2 Rd3 47. Rb6 Rh3 48. Rb4 Rxh4 49. Rxh4 Kxg5 50. Kg3 Kf5 51. Kf3 Kg5 52. Kg3 1/2-1/2

[Event "1000GM BonaFIDE January 2024"]
[Site "Sunnyvale"]
[Date "2024.01.21"]
[Round "3.5"]
[White "Tia, Rudy Jr."]
[Black "Yang, Liwei"]
[Result "0-1"]
[ECO "A01"]
[WhiteElo "1614"]
[BlackElo "1483"]
[Annotator "NA RC COMBH"]
[PlyCount "90"]
[EventDate "2024.01.20"]
[EventType "swiss"]
[EventCountry "USA"]
[SourceTitle "playchess.com"]
[Source "ChessBase"]
[SourceQuality "1"]
[TimeControl "5400+30"]

1. b3 d5 2. Bb2 Nf6 3. e3 c5 4. d3 Nc6 5. Nd2 e6 6. g3 d4 7. e4 e5 8. Bg2 Bd6 9. Ne2 Bd7 10. h3 Qe7 11. Nc4 b5 12. Nxd6+ Qxd6 13. a4 bxa4 14. Rxa4 Nb4 15. Ra3 a5 16. O-O O-O 17. f4 Bb5 18. fxe5 Qxe5 19. Rf5 Qc7 20. Bxd4 cxd4 21. Rxb5 Nxc2 22. Ra4 Ra6 23. Qd2 Ne3 24. Rxd4 Nxg2 25. Kxg2 Rd8 26. Rxd8+ Qxd8 27. Qf4 Rb6 28. Nc3 h6 29. Qe3 Rc6 30. Nd5 Rc2+ 31. Kf3 Nxd5 32. Rxd5 Qf6+ 33. Qf4 Qb6 34. Kg4 Rf2 35. Qd6 Qe3 36. Qb8+ Kh7 37. Qe5 Qf3+ 38. Kh4 g5+ 39. Qxg5 hxg5+ 40. Rxg5 Qxd3 41. e5 Qe4+ 42. g4 Rf3 43. b4 Qe3 44. Rh5+ Kg7 45. Rg5+ Kf8 0-1

[Event "1000GM BonaFIDE January 2024"]
[Site "Sunnyvale"]
[Date "2024.01.21"]
[Round "4.2"]
[White "Nathan, Arjun"]
[Black "Xavier, Negron"]
[Result "1-0"]
[ECO "C88"]
[WhiteElo "1564"]
[BlackElo "1649"]
[Annotator "NA RC COMBH"]
[PlyCount "113"]
[EventDate "2024.01.20"]
[EventType "swiss"]
[EventCountry "USA"]
[SourceTitle "playchess.com"]
[Source "ChessBase"]
[SourceQuality "1"]
[TimeControl "5400+30"]

1. e4 e5 2. Nf3 Nc6 3. Bb5 a6 4. Ba4 Nf6 5. O-O Be7 6. Re1 b5 7. Bb3 O-O 8. a4 b4 9. a5 d6 10. d3 Rb8 11. Nbd2 Nd7 12. c3 Bf6 13. Ba4 Bb7 14. Nf1 Nc5 15. Bc2 Ne6 16. Ne3 bxc3 17. bxc3 g6 18. Nd5 Bg7 19. Be3 Ba8 20. Nd2 Ne7 21. Bb3 Nxd5 22. exd5 Nc5 23. Bc4 c6 24. d4 exd4 25. cxd4 cxd5 26. dxc5 dxc4 27. Nxc4 dxc5 28. Rc1 Bd4 29. Rc2 Bxe3 30. Nxe3 Qxa5 31. Qc1 Rbc8 32. Ng4 f5 33. Nh6+ Kg7 34. Re7+ Kf6 35. Rce2 Be4 36. Rxh7 Rb8 37. Rxe4 fxe4 38. Qf4+ Ke6 39. Qxe4+ Kd6 40. Qxg6+ Ke5 41. Re7+ Kd4 42. Qg4+ Kd5 43. Qe6+ Kd4 44. Rd7+ Kc3 45. Qe3+ Kb4 46. h3 Qa1+ 47. Kh2 Qc3 48. Rd3 Qc4 49. Qd2+ Ka4 50. Qd1+ Ka5 51. Ra3+ Kb6 52. Qd6+ Ka7 53. Qe7+ Kb6 54. Ng4 Qf4+ 55. g3 Qc7 56. Qe6+ Kb5 57. Qxa6+ 1-0

[Event "1000GM BonaFIDE January 2024"]
[Site "Sunnyvale"]
[Date "2024.01.21"]
[Round "4.3"]
[White "Rai, Achintya"]
[Black "Kulkarni, Advit Amod"]
[Result "1/2-1/2"]
[ECO "D00"]
[WhiteElo "1496"]
[BlackElo "1510"]
[Annotator "NA RC COMBH"]
[PlyCount "134"]
[EventDate "2024.01.20"]
[EventType "swiss"]
[EventCountry "USA"]
[SourceTitle "playchess.com"]
[Source "ChessBase"]
[SourceQuality "1"]
[TimeControl "5400+30"]

1. d4 d5 2. Nc3 Nf6 3. Bf4 e6 4. Nb5 Bb4+ 5. c3 Ba5 6. Qa4 Nc6 7. b4 Bb6 8. Qb3 O-O 9. a4 a6 10. Na3 Bd7 11. Nf3 Ne7 12. e3 Ng6 13. Bg3 c6 14. c4 Bc7 15. Bd3 Ne4 16. Bxc7 Qxc7 17. Bxe4 dxe4 18. Ng5 e5 19. d5 cxd5 20. cxd5 Bxa4 21. Qb2 Qd8 22. Nxe4 Qxd5 23. f3 Qd3 24. Kf2 Qb3 25. Qxb3 Bxb3 26. Nc5 Bd5 27. e4 Bc6 28. Nc4 Rad8 29. Rhd1 h6 30. Na5 Nf4 31. g3 Ne6 32. Nxc6 bxc6 33. Rxd8 Rxd8 34. Nxe6 fxe6 35. Rxa6 Rc8 36. Ra5 Kf7 37. Rxe5 Rb8 38. Rc5 Rxb4 39. Rxc6 Rb2+ 40. Ke3 Rxh2 41. Rc7+ Kf6 42. f4 g5 43. e5+ Kg6 44. Re7 Kf5 45. Rf7+ Kg4 46. f5 exf5 47. e6 Rh1 48. Kf2 Ra1 49. e7 Ra2+ 50. Ke1 Ra1+ 51. Kd2 Ra2+ 52. Kd3 Ra3+ 53. Kd4 Ra4+ 54. Kd5 Ra5+ 55. Kd6 Ra6+ 56. Kd7 Ra7+ 57. Kd8 Ra8+ 58. Kc7 Ra7+ 59. Kb6 Rxe7 60. Rxe7 Kxg3 61. Kc5 f4 62. Kd4 f3 63. Ke3 g4 64. Rh7 Kg2 65. Rxh6 f2 66. Rf6 f1=Q 67. Rxf1 Kxf1 1/2-1/2

[Event "1000GM BonaFIDE January 2024"]
[Site "Sunnyvale"]
[Date "2024.01.21"]
[Round "4.4"]
[White "Yang, Liwei"]
[Black "Vale Cruz, Armin"]
[Result "1/2-1/2"]
[ECO "C66"]
[WhiteElo "1483"]
[BlackElo "1598"]
[Annotator "NA RC COMBH"]
[PlyCount "114"]
[EventDate "2024.01.20"]
[EventType "swiss"]
[EventCountry "USA"]
[SourceTitle "playchess.com"]
[Source "ChessBase"]
[SourceQuality "1"]
[TimeControl "5400+30"]

1. e4 e5 2. Nf3 Nc6 3. Bb5 Nf6 4. O-O Be7 5. Re1 d6 6. c3 O-O 7. h3 Bd7 8. d4 h6 9. a4 a6 10. Bc4 Bc8 11. d5 Nb8 12. a5 Kh7 13. Nbd2 Ng8 14. Nf1 g6 15. Bd3 f5 16. Kh2 Rf7 17. c4 Kh8 18. b4 Nd7 19. Bb2 Nf8 20. b5 Nd7 21. N1d2 Nc5 22. Bc2 Nf6 23. bxa6 Rxa6 24. Nh4 Ng4+ 25. hxg4 Bxh4 26. Rf1 fxg4 27. f4 gxf3 28. Nxf3 Kg8 29. Qd2 Bg5 30. Nxg5 Qxg5 31. Qxg5 hxg5 32. Rxf7 Kxf7 33. Kg3 Bd7 34. Bc3 Ra8 35. Bd2 g4 36. Bc3 Kg7 37. Bd2 b6 38. Bc3 bxa5 39. Rxa5 Rf8 40. Ra1 g5 41. Bd2 Kg6 42. Ra7 Rb8 43. Bc3 Rb7 44. Ra8 Kg7 45. Ra3 Rb8 46. Kf2 Rf8+ 47. Ke2 Kg6 48. Bd2 Rb8 49. Bc3 Kh5 50. Ra1 g3 51. Ke3 g4 52. Ra7 Rb7 53. Ra8 Rb6 54. Rh8+ Kg6 55. Ra8 Ra6 56. Rxa6 Nxa6 57. Be1 Nc5 1/2-1/2

[Event "1000GM BonaFIDE January 2024"]
[Site "Sunnyvale"]
[Date "2024.01.21"]
[Round "4.5"]
[White "Ni, Leo"]
[Black "Wu, Andrew"]
[Result "1/2-1/2"]
[ECO "B52"]
[WhiteElo "1440"]
[BlackElo "1969"]
[Annotator "RC"]
[PlyCount "112"]
[EventDate "2024.01.20"]
[EventType "swiss"]
[EventCountry "USA"]
[SourceTitle "playchess.com"]
[Source "ChessBase"]
[SourceQuality "1"]
[TimeControl "5400+30"]

1. e4 c5 2. Nf3 d6 3. Bb5+ Bd7 4. Bxd7+ Qxd7 5. c4 Nc6 6. Nc3 g6 7. d4 cxd4 8. Nxd4 Bg7 9. Nde2 Nf6 10. O-O Rc8 11. f3 O-O 12. Bg5 Qc7 13. Kh1 a6 14. Bxf6 exf6 15. Rc1 Ne7 16. Qd2 f5 17. exf5 Nxf5 18. Nd5 Qd8 19. b3 Re8 20. Ng3 Ne7 21. Ne4 Nxd5 22. Qxd5 Rc6 23. Rcd1 Re5 24. Qd2 Rh5 25. h3 Bf8 26. Qf4 Rf5 27. Qh2 Ra5 28. Rd2 Bg7 29. Rfd1 f5 30. Rxd6 Rxd6 31. Qxd6 Qxd6 32. Nxd6 b6 33. a4 Bf8 34. f4 Rc5 35. Nb7 Rc7 36. Nd8 Re7 37. Rd3 Re4 38. g3 Bc5 39. Nc6 a5 40. Ne5 Re3 41. Rxe3 Bxe3 42. Kg2 Kf8 43. Kf3 Bg1 44. g4 Ke7 45. h4 h5 46. Nxg6+ Kf6 47. gxh5 Bc5 48. Ne5 Kg7 49. Nd7 Bd4 50. Ne5 Kh6 51. Nd3 Bc3 52. c5 bxc5 53. Nxc5 Kxh5 54. Nb7 Bb4 55. Ke3 Kxh4 56. Kd4 Kg4 1/2-1/2

[Event "1000GM BonaFIDE January 2024"]
[Site "Sunnyvale"]
[Date "2024.01.22"]
[Round "5.2"]
[White "Bheemaiah, Ayush"]
[Black "Nathan, Arjun"]
[Result "1-0"]
[ECO "C88"]
[WhiteElo "1639"]
[BlackElo "1564"]
[Annotator "NA RC COMBH"]
[PlyCount "107"]
[EventDate "2024.01.20"]
[EventType "swiss"]
[EventCountry "USA"]
[SourceTitle "playchess.com"]
[Source "ChessBase"]
[SourceQuality "1"]
[TimeControl "5400+30"]

1. e4 e5 2. Nf3 Nc6 3. Bb5 a6 4. Ba4 Nf6 5. O-O b5 6. Bb3 Be7 7. Re1 O-O 8. a4 b4 9. a5 d6 10. d3 Bg4 11. h3 Bxf3 12. Qxf3 Nd4 13. Qd1 Nxb3 14. cxb3 d5 15. Qe2 dxe4 16. dxe4 Nd7 17. Be3 Bc5 18. Nd2 Qe7 19. Rac1 Rfd8 20. Nf1 g6 21. Red1 Bd6 22. Qc4 Nf8 23. Nh2 Ne6 24. Nf3 c5 25. h4 f6 26. h5 Kh8 27. hxg6 hxg6 28. g3 Nd4 29. Kg2 Kg7 30. Rh1 Qe6 31. Nxd4 Qxc4 32. Nf5+ gxf5 33. Rxc4 fxe4 34. Rxe4 Rac8 35. Rc4 Rc6 36. Rch4 Kf7 37. Rh7+ Ke6 38. f4 exf4 39. gxf4 Bc7 40. Re1 Kf5 41. Rh5+ Kg6 42. Reh1 Rg8 43. Kf3 Kf7 44. f5 Bxa5 45. Rd1 Rd8 46. Rh7+ Kg8 47. Rdh1 Kf8 48. Bh6+ Kg8 49. Rg7+ Kh8 50. Rg6 Rd7 51. Bg7+ Kg8 52. Bxf6+ Kf7 53. Rh7+ Ke8 54. Rg8# 1-0

[Event "1000GM BonaFIDE January 2024"]
[Site "Sunnyvale"]
[Date "2024.01.22"]
[Round "5.3"]
[White "Rai, Achintya"]
[Black "Oza, Nikunj"]
[Result "1-0"]
[ECO "D00"]
[WhiteElo "1496"]
[BlackElo "1588"]
[Annotator "NA RC COMBH"]
[PlyCount "101"]
[EventDate "2024.01.20"]
[EventType "swiss"]
[EventCountry "USA"]
[SourceTitle "playchess.com"]
[Source "ChessBase"]
[SourceQuality "1"]
[TimeControl "5400+30"]

1. d4 d5 2. Nc3 Nf6 3. Bf4 c6 4. e3 Bf5 5. f3 h6 6. g4 Bh7 7. h4 e6 8. Bd3 Bxd3 9. Qxd3 Bd6 10. Nge2 Bxf4 11. Nxf4 Qc7 12. O-O-O Na6 13. g5 Nd7 14. g6 Nf6 15. gxf7+ Qxf7 16. Rdg1 O-O-O 17. Nce2 Kb8 18. Ng6 Rhg8 19. c3 Nd7 20. e4 dxe4 21. Qxe4 c5 22. f4 cxd4 23. Nxd4 Nac5 24. Qe3 Ka8 25. Kb1 Nb6 26. h5 Nd5 27. Qg3 Qc7 28. Ne5 Qb6 29. Re1 Na4 30. Nb3 Rc8 31. Rh2 Rc7 32. Qf2 Qa6 33. Qd4 Rgc8 34. Ka1 Naxc3 35. bxc3 Rxc3 36. Rb2 Qa3 37. Nd3 a5 38. Ndc5 b6 39. Nd7 R8c4 40. Nxb6+ Nxb6 41. Qxb6 Ra4 42. Qa6+ Kb8 43. Nc5+ Rb4 44. Nb3 a4 45. Rd1 Rbxb3 46. Rd8+ Kc7 47. Qc8+ Kb6 48. Rxb3+ axb3 49. Qxe6+ Kb5 50. Rb8+ Kc5 51. Qe7+ 1-0

[Event "1000GM BonaFIDE January 2024"]
[Site "Sunnyvale"]
[Date "2024.01.22"]
[Round "5.4"]
[White "Vale Cruz, Armin"]
[Black "Kulkarni, Advit Amod"]
[Result "1-0"]
[ECO "C78"]
[WhiteElo "1598"]
[BlackElo "1510"]
[Annotator "NA RC COMBH"]
[PlyCount "57"]
[EventDate "2024.01.20"]
[EventType "swiss"]
[EventCountry "USA"]
[SourceTitle "playchess.com"]
[Source "ChessBase"]
[SourceQuality "1"]
[TimeControl "5400+30"]

1. e4 e5 2. Nf3 Nc6 3. Bb5 a6 4. Ba4 Nf6 5. O-O Bc5 6. c3 b5 7. Bc2 d6 8. d4 exd4 9. cxd4 Bb6 10. h3 O-O 11. Nc3 h6 12. a3 Bb7 13. Re1 Re8 14. b4 Rb8 15. Qd3 Kf8 16. Bd2 d5 17. e5 Ne4 18. Nxe4 dxe4 19. Rxe4 Nxd4 20. Rxd4 Bxd4 21. Nxd4 Qd5 22. f3 Rbd8 23. Bc3 Rxe5 24. Qh7 Rg5 25. Re1 f6 26. Bb3 Rxg2+ 27. Kxg2 Qg5+ 28. Kf1 Qg3 29. Qg8# 1-0

[Event "1000GM BonaFIDE January 2024"]
[Site "Sunnyvale"]
[Date "2024.01.22"]
[Round "5.5"]
[White "Wu, Andrew"]
[Black "Yang, Liwei"]
[Result "0-1"]
[ECO "D35"]
[WhiteElo "1969"]
[BlackElo "1483"]
[Annotator "TA"]
[PlyCount "82"]
[EventDate "2024.01.20"]
[EventType "swiss"]
[EventCountry "USA"]
[SourceTitle "playchess.com"]
[Source "ChessBase"]
[SourceQuality "1"]
[TimeControl "5400+30"]

1. Nf3 d5 2. c4 e6 3. d4 Nf6 4. Bf4 Be7 5. Nc3 c6 6. e3 O-O 7. Bd3 Nbd7 8. O-O b6 9. cxd5 exd5 10. Rc1 Bb7 11. h3 c5 12. Nb5 c4 13. Bb1 a6 {[%emt 0:05:03] The position is equal.} 14. Bc7 Qc8 15. Bd6 $1 Bxd6 16. Nxd6 Qc7 17. Nxb7 Qxb7 18. g4 b5 19. Qc2 g6 20. Nd2 Rae8 21. Rce1 Ne4 22. Kg2 (22. Nxe4 $11 Rxe4 (22... dxe4 23. f3 $15) 23. f4) 22... f5 23. f4 Nxd2 24. Qxd2 Re6 ({Black should try} 24... fxg4 $1 $15 25. hxg4 Nf6) 25. gxf5 $11 gxf5 26. Kh2 Rg6 {[%emt 0:01:14] Active counter play!} 27. Qb4 Kg7 28. Rg1 Qc6 29. h4 (29. Rg5 $11 {keeps the balance.} Qe6 30. Rh5) 29... Kf6 $2 (29... Qe6 $1 $17 {aiming for ...Nf6.} 30. Rg5 h6 31. Rxg6+ Kxg6) 30. Rg5 $14 Rxg5 31. hxg5+ Kg7 $1 32. Rh1 {[%emt 0:00:00] Kg3 would now be deadly.} Re8 (32... Qe6 $14) 33. Bxf5 $18 Rxe3 34. Kg1 (34. Re1 Qc7 35. Rxe3 Qxf4+ 36. Rg3 Qxf5 37. Qe7+ Kg6) 34... Nf8 {[%emt 0:00:31] And now ...Qe8 would win.} 35. Rh6 $2 {[%emt 0:00:48][%mdl 8192] [#]} (35. Kf2 $16 Qe8 36. Qd2) 35... Qe8 $1 $19 (35... Ng6 36. Qd2 (36. Kf2 Qc7 $11) 36... Qe8 37. Kf2 $16) 36. Qd2 {[%emt 0:01:57] [#]} Ng6 $4 (36... Re2 $1 $19 {[%cal Re2d2] and all is fine.} 37. Qc3 Re1+ 38. Qxe1 Qxe1+ 39. Kg2 Qe3 (39... Qe2+ $2 40. Kg3 $19)) 37. Kf2 $18 Re7 38. Kf3 $2 (38. Bb1 $18 {Black must now prevent f5.} Re4 39. Bxe4 Qxe4 40. Qe3) 38... Re1 $11 39. Bh3 $2 (39. Kf2 $11 Ra1 40. a3) 39... Qe4+ $19 40. Kf2 {[%emt 0:00:15] [#]} Nxf4 $1 {[%emt 0:00:37] ( -> ...Nd3+)} 41. Re6 (41. Bf1 Rb1) 41... Nxh3+ {[%emt 0:04:28] Weighted Error Value: White=0.79/Black=0.40.  Loses game:     	White=2     	---        Missed win:     	White=1     	---        Mistake:       	White=2     	Black=3      Inaccurate:     	White=3     	Black=1      OK:         	White=4     	Black=10     Best:        	White=3     	Black=3      Strong:       	White=1     	Black=2} 0-1